Map: 2000 Atmospheres LE

Players

Astrea - Winner!

  • Race: Protoss Protoss
  • League: Master

MCanning

  • Race: Protoss Protoss

Event: DreamHack SC2 Masters 2021 Summer

VOD

Have the link to the VOD?

Description

Time

  • Played on: May 26, 2021, 3:50 p.m.
  • Length: 11:37

All games in this series

Show
View Real Time Build Order
Export as new Build Order

Astrea Protoss - Winner!

Build Orders: Phoenix Opening, Blink Stalkers 

Get SALT Encoding   

  12  0:00  Probe  
  13  0:12  Probe  
  14  0:17  Pylon  
  14  0:24  Probe (Chrono Boost)  
  15  0:36  Probe (Chrono Boost), Gateway  
  16  0:43  Probe (Chrono Boost)  
  16  0:46  Assimilator  
  17  0:51  Probe  
  17  0:54  Assimilator  
  18  1:03  Probe (Chrono Boost)  
  19  1:07  Gateway  
  19  1:13  Probe (Chrono Boost)  
  19  1:18  Probe (Chrono Boost)  
  20  1:23  Cybernetics Core  
  21  1:29  Probe  
  22  1:34  Pylon  
  22  1:41  Probe  
  23  1:53  Probe  
  24  1:57  Warp Gate (Chrono Boost)  
  24  1:59  Stalker  
  24  2:00  Sentry  
  28  2:05  Probe  
  29  2:14  Pylon  
  29  2:17  Probe  
  31  2:30  Probe  
  31  2:32  Adept x2  
  35  2:39  Phoenix  
  35  2:50  Nexus  
  35  2:53  Probe  
  36  2:59  Shield Battery  
  36  3:02  Sentry  
  38  3:10  Probe, Pylon  
  39  3:23  Twilight Council  
  39  3:28  Probe  
  40  3:37  Stalker  
  40  3:39  Stalker  
  40  3:40  Probe  
  45  3:51  Blink (Chrono Boost)  
  45  3:52  Probe  
  45  3:53  Pylon  
  48  4:13  Cybernetics Core  
  46  4:19  Stalker x2  
  46  4:22  Phoenix  
  46  4:24  Probe x2  
  52  4:36  Probe  
  52  4:38  Probe  
  54  4:42  Stalker x2  
  54  4:48  Probe  
  55  4:53  Pylon  
  55  4:55  Probe  
  56  5:00  Probe  
  56  5:02  Forge  
  56  5:05  Stalker x2  
  61  5:07  Probe  
  61  5:12  Probe  
  63  5:19  Probe  
  64  5:22  Pylon  
  64  5:24  Probe  
  65  5:29  Stalker  
  65  5:30  Stalker  
  65  5:31  Probe  
  65  5:34  Phoenix  
  70  5:46  Probe  
  70  5:50  Probe, Protoss Ground Weapons Level 1 (Chrono Boost)  
  70  5:52  Nexus  
  70  5:54  Charge (Chrono Boost), Pylon  
  70  6:00  Robotics Facility  
  70  6:02  Assimilator  
  70  6:09  Gateway x2  
  70  6:17  Probe  
  71  6:20  Phoenix  
  71  6:30  Probe  
  71  6:31  Stalker x2  
  76  6:37  Gateway x2  
  76  6:39  Probe  
  75  6:42  Probe  
  76  6:50  Shield Battery  
  80  6:55  Pylon  
  80  6:59  Stalker x2  
  80  7:00  Observer  
  81  7:04  Gateway x2  
  81  7:08  Probe x2  
  83  7:11  Phoenix  
  83  7:20  Probe x2  
  83  7:22  Stalker x4  
  93  7:23  Probe  
  94  7:32  Probe x2, Templar Archives  
  94  7:34  Assimilator  
  94  7:35  Probe  
  97  7:40  Protoss Ground Weapons Level 2 (Chrono Boost)  
  97  7:41  Phoenix  
  97  7:44  Probe x2  
  97  7:48  Probe  
  100  7:55  Pylon  
  100  7:56  Probe  
  101  7:59  Nexus  
  101  8:08  Zealot  
  101  8:09  Zealot x3  
  109  8:13  Pylon  
  109  8:24  Pylon  
  109  8:30  Zealot x4  
  117  8:40  High Templar x2, Zealot x2  
  125  8:58  High Templar x2  
  125  8:59  Zealot x2  
  125  9:00  Archon  
  131  9:05  Pylon x2  
  131  9:06  Pylon  
  131  9:10  Immortal (Chrono Boost)  
  131  9:12  Archon  
  131  9:14  Probe x3  
  131  9:15  Probe  
  139  9:20  Gateway, Zealot x2  
  139  9:21  Zealot x2  
  139  9:22  Gateway  
  147  9:24  High Templar x2, Pylon  
  147  9:25  Observer  
  147  9:26  Probe x2, Pylon  
  147  9:27  Probe  
  147  9:29  Archon  
  154  9:33  Zealot x2  
  154  9:34  Warp Prism (Chrono Boost)  
  154  9:37  Shield Battery  
  158  9:38  Photon Cannon  
  158  9:39  Photon Cannon  
  158  9:45  Zealot x3  
  166  9:56  High Templar, Zealot x2  
  166  9:57  Zealot  
  174  10:01  Zealot  
  174  10:02  Assimilator  
  176  10:07  Pylon  
  176  10:08  Pylon x2  
  176  10:09  High Templar, Zealot x2  
  176  10:13  Archon  
  182  10:17  Zealot  
  182  10:31  Zealot x2  
  182  10:32  Zealot  
  182  10:35  Zealot x5  
  194  10:54  Photon Cannon  
  194  10:55  Photon Cannon, Robotics Facility, Robotics Bay  
  194  10:56  Assimilator  
  194  10:58  Robotics Facility  
  194  11:06  Zealot x3  
  198  11:22  Zealot x4  
  198  11:23  Zealot x3  
  184  11:30  Stalker x3  
Show
View Real Time Build Order
Export as new Build Order

MCanning Protoss 

Build Orders: Chargelot Immortal 

Get SALT Encoding   

  12  0:00  Probe  
  13  0:12  Probe  
  14  0:18  Pylon  
  14  0:24  Probe  
  15  0:36  Probe (Chrono Boost), Gateway  
  16  0:46  Probe (Chrono Boost), Assimilator  
  17  0:51  Probe (Chrono Boost)  
  17  0:55  Assimilator  
  18  1:03  Probe (Chrono Boost)  
  19  1:10  Gateway  
  19  1:13  Probe (Chrono Boost)  
  19  1:18  Probe  
  21  1:25  Cybernetics Core  
  21  1:30  Probe  
  22  1:36  Pylon  
  22  1:42  Probe  
  23  1:54  Probe  
  23  2:00  Warp Gate (Chrono Boost)  
  24  2:02  Adept x2  
  28  2:11  Stargate  
  28  2:17  Pylon  
  28  2:25  Pylon  
  28  2:32  Adept  
  28  2:35  Adept  
  32  2:51  Nexus  
  32  3:02  Adept  
  34  3:07  Pylon  
  34  3:11  Probe  
  35  3:14  Adept  
  37  3:25  Probe  
  38  3:37  Probe (Chrono Boost)  
  39  3:42  Adept  
  39  3:48  Robotics Facility  
  42  3:49  Probe (Chrono Boost)  
  42  3:52  Adept  
  42  3:54  Pylon  
  44  3:56  Probe (Chrono Boost)  
  45  4:05  Sentry  
  45  4:06  Probe (Chrono Boost)  
  45  4:07  Probe (Chrono Boost)  
  49  4:15  Probe (Chrono Boost)  
  49  4:16  Sentry  
  53  4:18  Probe (Chrono Boost)  
  53  4:20  Probe (Chrono Boost)  
  51  4:27  Probe  
  49  4:32  Stalker  
  49  4:34  Probe (Chrono Boost)  
  50  4:39  Probe (Chrono Boost)  
  51  4:46  Sentry  
  51  4:49  Probe (Chrono Boost)  
  51  4:50  Probe (Chrono Boost)  
  54  4:54  Probe (Chrono Boost), Forge  
  54  4:58  Probe (Chrono Boost)  
  56  5:06  Probe (Chrono Boost)  
  58  5:07  Observer  
  59  5:16  Probe (Chrono Boost)  
  59  5:17  Probe (Chrono Boost)  
  59  5:21  Protoss Ground Weapons Level 1 (Chrono Boost)  
  60  5:22  Probe (Chrono Boost)  
  60  5:23  Probe (Chrono Boost)  
  66  5:28  Immortal  
  66  5:30  Immortal  
  66  5:32  Probe  
  66  5:34  Probe  
  66  5:44  Probe  
  66  5:49  Stalker x2  
  67  5:56  Shield Battery  
  63  5:57  Probe x2  
  63  6:03  Pylon  
  65  6:07  Assimilator, Immortal  
  65  6:09  Probe  
  70  6:11  Twilight Council  
  70  6:13  Probe  
  70  6:22  Probe  
  70  6:24  Pylon  
  69  6:25  Probe  
  68  6:34  Probe  
  68  6:37  Probe  
  70  6:45  Nexus  
  70  6:46  Pylon  
  70  6:48  Probe, Charge  
  70  6:50  Probe  
  72  7:00  Probe  
  73  7:02  Probe  
  73  7:04  Immortal  
  73  7:07  Protoss Ground Weapons Level 2 (Chrono Boost)  
  78  7:14  Probe  
  78  7:15  Gateway x2  
  78  7:26  Shield Battery  
  78  7:27  Zealot x2  
  82  7:32  Probe  
  81  7:41  Templar Archives  
  81  7:43  Gateway  
  79  7:46  Probe, Gateway  
  80  7:51  Gateway  
  80  7:57  Warp Prism  
  82  8:01  Probe x2  
  82  8:03  Probe  
  83  8:07  Pylon  
  83  8:11  Zealot  
  85  8:13  Probe  
  84  8:22  High Templar x2  
  84  8:25  Pylon  
  84  8:26  Probe  
  89  8:27  Archon  
  89  8:29  Pylon  
  89  8:30  Zealot  
  89  8:35  Probe x2  
  89  8:38  Probe  
  91  8:44  Zealot x3  
  93  8:49  Probe  
  93  8:52  Zealot  
  93  8:53  Zealot  
  94  8:55  Pylon  
  94  8:57  Sentry  
  94  9:03  Probe  
  94  9:04  Probe  
  94  9:07  Photon Cannon, Robotics Bay  
  94  9:10  Zealot x4  
  94  9:16  Probe, Assimilator  
  103  9:19  Probe x2  
  103  9:20  Assimilator, Robotics Facility  
  103  9:21  Observer (Chrono Boost)  
  106  9:28  Probe, Photon Cannon  
  106  9:30  Photon Cannon  
  107  9:31  Probe, Shield Battery  
  107  9:35  Blink  
  108  9:39  Zealot  
  108  9:40  Probe  
  111  9:49  Probe  
  112  9:56  Nexus  
  112  9:57  Pylon  
  113  10:00  Disruptor (Chrono Boost)  
  113  10:04  Zealot x3  
  119  10:10  Disruptor (Chrono Boost)  
  122  10:14  Probe  
  122  10:15  Assimilator  
  122  10:17  Pylon  
  122  10:20  Shield Battery  
  123  10:23  Disruptor (Chrono Boost)  
  123  10:25  Shield Battery  
  124  10:29  High Templar x2, Zealot x3  
  124  10:30  Zealot  
  124  10:31  Pylon  
  124  10:32  Archon  
  124  10:35  Disruptor (Chrono Boost)  
  137  10:48  Zealot  
  135  10:50  Photon Cannon  
  135  10:55  Disruptor (Chrono Boost)  
  138  10:58  Zealot x4  
  140  11:06  Photon Cannon  
  140  11:09  Zealot  
  140  11:10  Zealot x2  
  139  11:23  Zealot x4  
Tags
 
Add a new tag
Caveats
  • Supply blocks, unpowered buildings, or Contaminate may cause inaccurate times.
  • Supply counts are checked every 10 seconds.